 Dungeon Crawl Stone Soup version 0.31.0-12-g77e489cdc1 (webtiles) character file.

Game seed: 99298412276311234

6076 booth the Cleaver (level 10, -7/74 (80) HPs)
             Began as a Demonspawn Gladiator on Feb 19, 2024.
             Was a Believer of Wu Jian.
             Mangled by a wraith (11 damage)
             ... led by Josephine
             ... on level 10 of the Dungeon.
             The game lasted 00:49:22 (8974 turns).

booth the Cleaver (Demonspawn Gladiator)            Turns: 8974, Time: 00:49:22

HP:   -7/74 (80)    AC: 16    Str: 17    XL:     10   Next: 57%
MP:   10/10         EV: 10    Int: 11    God:    Wu Jian [**....]
Gold: 361           SH:  0    Dex: 14    Spells: 9/9 levels left

rFire   + . .        F - +2 broad axe (venom)
rCold   . . .        (no shield)
rNeg    . . .        I - +3 scale mail
rPois   .            q - +2 hat
rElec   .            (no cloak)
rCorr   .            p - +0 pair of gloves
SInv    .            (boots unavailable)
Will    ++...        r - amulet of the acrobat Stlth
                     A - ring of protection from fire
HPRegen 0.32/turn    a - ring of Secrets {Will++ AC+4}
MPRegen 0.12/turn

%: acrobat
@: slowed, drained, very slow
A: hooves 3, horns 1, ignite blood 2, demonic touch 2
a: Renounce Religion, Wall Jump


You were on level 10 of the Dungeon.
You worshipped Wu Jian.
Wu Jian was pleased with you.
You visited 2 branches of the dungeon, and saw 11 of its levels.

You collected 419 gold pieces.
You spent 58 gold pieces at shops.

Inventory:

Hand Weapons
 i - a +3 battleaxe
 F - a +2 broad axe of venom (weapon)
 J - a +3 dire flail
Missiles
 d - 5 throwing nets
 e - a javelin
 t - 6 boomerangs (quivered)
 u - 13 poisoned darts
Armour
 p - a +0 pair of gloves (worn)
 q - a +2 hat (worn)
 s - a +0 pair of boots
 G - +0 acid dragon scales
 I - a +3 scale mail (worn)
Jewellery
 a - the ring of Secrets (right hand) {Will++ AC+4}
   (You found it on level 8 of the Dungeon)

   [ring of protection]

   AC+4:      It affects your AC (+4).
   Will++:    It greatly increases your willpower.
 c - a ring of ice
 r - an amulet of the acrobat (around neck)
 A - a ring of protection from fire (left hand)
Wands
 y - a wand of digging (5)
 z - a wand of flame (1)
 E - a wand of roots (18)
Scrolls
 b - 2 scrolls of amnesia
 g - 3 scrolls of immolation
 j - a scroll of fear
 k - 2 scrolls of blinking
 m - a scroll of silence
 B - a scroll of summoning
 C - a scroll of identify
 D - 4 scrolls of fog
 H - 2 scrolls of vulnerability
Potions
 f - 3 potions of heal wounds
 h - 4 potions of haste
 l - a potion of berserk rage
 n - 2 potions of curing
 o - a potion of brilliance
 v - a potion of ambrosia
 w - a potion of might
 x - a potion of attraction {unknown}


   Skills:
 + Level 8.3 Fighting
 * Level 10.8 Axes
 + Level 7.5 Throwing
 - Level 2.7 Dodging


You had 9 spell levels left.
You didn't know any spells.
Your spell library contained the following spells:

 Spells                   Type           Power      Damage    Failure   Level
 Magic Dart               Conj           0%         1d3       78%         1
 Sandblast                Erth           0%         2d4       78%         1
 Cigotuvi's Dreadful Rot  Necr/Alch/Air  0%         N/A       89%         2
 Searing Ray              Conj           0%         2d4       89%         2
 Passwall                 Erth           0%         N/A       98%         3
 Stone Arrow              Conj/Erth      0%         3d7       98%         3
 Animate Dead             Necr           0%         N/A       100%        4
 Brom's Barrelling Bould  Conj/Erth      0%         2d3       100%        4
 Fulminant Prism          Conj/Alch      0%         3d5       100%        4
 Ignite Poison            Fire/Alch      0%         N/A       100%        4
 Vhi's Electric Charge    Tloc/Air       0%         N/A       100%        4
 Arcjolt                  Conj/Air       0%         1d10      100%        5
 Borgnjor's Vile Clutch   Necr/Erth      0%         N/A       100%        5
 Freezing Cloud           Conj/Ice/Air   0%         6-21      100%        5
 Death Channel            Necr           0%         N/A       100%        6
 Plasma Beam              Fire/Air       0%         2x1d10    100%        6


Dungeon Overview and Level Annotations

Branches:
Dungeon (10/15)            Temple (1/1) D:7             Orc (0/2) D:9
   Lair: D:8-11

Altars:
Ashenzari
Cheibriados
Dithmenos
Fedhas
Gozag
Hepliaklqana
Kikubaaqudgha
Makhleb
Nemelex Xobeh
Okawaru
Qazlal
Ru
Sif Muna
Trog
Uskayaw
Vehumet
Wu Jian
Xom
Yredelemnul

Shops:
D:7 *

Annotations:
D:10 Josephine


Innate Abilities, Weirdness & Mutations

You have hooves in place of feet.
You have a pair of small horns on your head.
Your demonic aura often causes spilled blood to erupt in flames.
Your touch may inflict irresistible damage on your foes.


Message History

You feel as though you will be slow longer.
The wraith barely misses you. Josephine hits you but does no damage.
You barely miss Josephine. You kick Josephine, but do no damage.
You slash the wraith! You hit the wraith but do no damage.
The wraith hits you but does no damage. x2
A wraith comes into view.
Josephine casts a spell at you.
The ghostly flame explodes!
The ghostly fireball engulfs you!!
You feel drained.
The ghostly fireball engulfs the wraith.
The wraith completely resists.
The ghostly fireball engulfs Josephine.
Josephine completely resists.
The ghostly fireball engulfs the wraith.
The wraith completely resists.
The wraith closely misses you. Josephine barely misses you.
The wraith hits you but does no damage.
You hear a shout! x2
You slash Josephine! Your kick misses Josephine. Your touch misses Josephine.
Josephine is lightly wounded.
You hit the wraith but do no damage. You slash the wraith!
The wraith hits you but does no damage. The wraith misses you.
Josephine points at you and mumbles some strange words.
The ghostly flame explodes!
The ghostly fireball engulfs you!
You feel drained.
The ghostly fireball engulfs the wraith.
The wraith completely resists.
The ghostly fireball engulfs Josephine.
Josephine completely resists.
The ghostly fireball engulfs the wraith.
The wraith completely resists.
You barely miss Josephine. You headbutt Josephine.
You touch Josephine!
Josephine is moderately wounded.
You hit the wraith. You slash the wraith!
The wraith hits you but does no damage. The wraith hits you.
* * * LOW HITPOINT WARNING * * *
The wraith drains your vigour!
You feel as though you will be slow longer.
Josephine hits you with a +0 dagger of holy wrath!
* * * LOW HITPOINT WARNING * * *
You convulse!
* * * LOW HITPOINT WARNING * * *
The wraith hits you!
You die...

.........#.#.###.#.#.#.#
)........#......#.#.#.#.
.........#+#)).#.#.#.#.#
....................###.
..............#####.###.
.......W......)......##.
#####.......#########.
#@W.....# #....
#@W.....# #.##.
#.......######.##.
#.................
#......#######.###
#............#.#..
#......####.##.#.#
######.# #.##.#.. #.#
#.##.##. #.# #.##.[..


You could see Josephine and 3 wraiths.

Vanquished Creatures
  A two-headed ogre (D:10)
  Maggie (D:6)
  2 trolls
  Prince Ribbit (D:6)
  2 wraiths (D:10)
  A steam dragon (D:8)
  A water moccasin (D:5)
  3 ice beasts
  2 orc warriors
  A sky beast (D:8)
  Pargi (D:4)
  3 black bears
  3 centaurs
  3 phantoms
  5 bullfrogs
  A gnoll sergeant (D:9)
  2 scorpions
  5 wights (D:9)
  8 killer bees
  2 howler monkeys
  A bombardier beetle (D:5)
  A crimson imp (D:7)
  2 jellies
  6 orc priests
  4 hounds
  2 gnoll boudas
  Jessica (D:3)
  3 sleepcaps
  7 iguanas
  10 orc wizards
  20 gnolls
  7 adders
  7 shadow imps
  A white imp (D:7)
  4 ufetubi
  4 ribbon worms
  6 dart slugs
  28 orcs
  6 ball pythons
  9 endoplasms
  5 giant cockroaches
  12 goblins
  8 hobgoblins
  7 kobolds
  2 quokkas
  4 bats
  2 frilled lizards (D:1)
  5 rats
222 creatures vanquished.

Vanquished Creatures (others)
  A gnoll (D:6)
1 creature vanquished.

Grand Total: 223 creatures vanquished

Notes
Turn   | Place    | Note
-------+----------+-------------------------------------------
     0 | D:1      | booth the Demonspawn Gladiator began the quest for the Orb.
     0 | D:1      | Reached XP level 1. HP: 16/16 MP: 1/1
   263 | D:1      | Reached skill level 3 in Axes
   263 | D:1      | Discovered your monstrous ancestry.
   263 | D:1      | Gained mutation: You have a pair of small horns on your
                  | head. [demonic ancestry]
   263 | D:1      | Reached XP level 2. HP: 22/22 MP: 2/2
   911 | D:2      | Gained mutation: Your touch may inflict minor irresistible
                  | damage on your foes. [demonic ancestry]
   911 | D:2      | Reached XP level 3. HP: 28/28 MP: 3/3
   923 | D:2      | Found a blossoming altar of Fedhas.
  1221 | D:2      | Gained mutation: Your demonic aura sometimes causes spilled
                  | blood to erupt in flames. [demonic ancestry]
  1221 | D:2      | Reached XP level 4. HP: 30/34 MP: 4/4
  1723 | D:3      | Reached skill level 4 in Axes
  1867 | D:3      | Noticed Jessica
  1872 | D:3      | Killed Jessica
  1873 | D:3      | Gained mutation: You have large cloven feet. [demonic
                  | ancestry]
  1873 | D:3      | Reached XP level 5. HP: 41/41 MP: 5/5
  1957 | D:3      | Found a bloodstained altar of Trog.
  1965 | D:3      | Found a hide-covered altar of Uskayaw.
  2479 | D:4      | Noticed a phantom
  2489 | D:4      | Killed a phantom
  2490 | D:4      | Gained mutation: Your touch may inflict irresistible damage
                  | on your foes. [demonic ancestry]
  2490 | D:4      | Reached XP level 6. HP: 36/47 MP: 6/6
  2524 | D:4      | Reached skill level 5 in Axes
  2618 | D:4      | Found a snail-covered altar of Cheibriados.
  2657 | D:4      | Identified the +2 dagger "Duire" {speed, rN+ Will+ Int-3}
  2811 | D:4      | Noticed Pargi
  2831 | D:4      | Killed Pargi
  2832 | D:4      | Reached XP level 7. HP: 32/54 MP: 7/7
  3224 | D:4      | Found an iron altar of Okawaru.
  3581 | D:5      | Entered Level 5 of the Dungeon
  3734 | D:5      | Found an opulent altar of Gozag.
  3762 | D:5      | Reached skill level 6 in Axes
  3885 | D:5      | Gained mutation: Your demonic aura often causes spilled
                  | blood to erupt in flames. [demonic ancestry]
  3885 | D:5      | Reached XP level 8. HP: 61/61 MP: 8/8
  3931 | D:5      | Reached skill level 5 in Fighting
  3940 | D:5      | Reached skill level 7 in Axes
  3957 | D:5      | Reached skill level 5 in Throwing
  4190 | D:5      | Found a stormy altar of Qazlal.
  4501 | D:6      | Found a blossoming altar of Fedhas.
  4573 | D:6      | Noticed Prince Ribbit
  4584 | D:6      | Killed Prince Ribbit
  4696 | D:6      | Reached skill level 8 in Axes
  4854 | D:6      | Noticed Maggie
  4862 | D:6      | Killed Maggie
  4863 | D:6      | Gained mutation: You have hoof-like feet. [demonic
                  | ancestry]
  4863 | D:6      | Reached XP level 9. HP: 54/69 MP: 9/9
  6012 | D:7      | Found Cexap's Specific Store.
  6013 | D:7      | Found Kimp's General Store.
  6025 | D:7      | Bought a scroll of identify for 30 gold pieces
  6029 | D:7      | Bought a scroll of identify for 28 gold pieces
  6061 | D:7      | Found a burning altar of Makhleb.
  6061 | D:7      | Found a radiant altar of Vehumet.
  6121 | D:7      | Found a staircase to the Ecumenical Temple.
  6140 | D:7      | Reached skill level 9 in Axes
  6143 | Temple   | Entered the Ecumenical Temple
  6152 | Temple   | Became a worshipper of the Wu Jian Council
  6837 | D:8      | Identified the ring of Secrets {Will++ AC+4}
  6870 | D:8      | Reached * piety under Wu Jian
  7646 | D:9      | Gained mutation: You have hooves in place of feet. [demonic
                  | ancestry]
  7646 | D:9      | Reached XP level 10. HP: 51/79 MP: 10/10
  7886 | D:9      | Found a shadowy altar of Dithmenos.
  7945 | D:9      | Reached skill level 10 in Axes
  8133 | D:9      | Found a staircase to the Orcish Mines.
  8706 | D:10     | Entered Level 10 of the Dungeon
  8781 | D:10     | Noticed a two-headed ogre
  8790 | D:10     | Killed a two-headed ogre
  8961 | D:10     | Reached ** piety under Wu Jian
  8962 | D:10     | Noticed Josephine
  8974 | D:10     | Mangled by a wraith

Illustrated notes

Levels and vault maps discovered:
D:1:      noname_arrival_rooms_in_the_neighbourhood, layout_basic,
          minmay_misc_feat_chi, chequers_serial_rivers_room_b
D:2:      layout_loops_ring, basic_altar
D:3:      layout_loops_ring, minmay_overflow_temple_star_quad, tso_metal_star,
          uniq_jessica
D:4:      layout_basic, mainiacjoe_overflow_brackets, okawaru_altar_gauntlet_db,
          chequers_serial_rivers_micro_d, uniq_pargi
D:5:      layout_cave_pools, mainiacjoe_overflow_small_starburst,
          nicolae_overflow_hidden_temple
D:6:      layout_layer_cave, lemuel_tele_altar, serial_library,
          serial_library_hellmonk_angled_corner,
          serial_library_hellmonk_double_dead_end,
          serial_library_hellmonk_open_cross, serial_library_hellmonk_junction,
          serial_library_hellmonk_octagon,
          serial_library_regret_index_small_wings,
          serial_library_hellmonk_open_cross,
          serial_library_regret_index_branch_corner, uniq_maggie,
          uniq_prince_ribbit1
D:7:      layout_basic, grunt_temple_overflow_lords_of_destruction,
          minmay_temple_entry_stoned_glass, amcnicky_mini_rare_corridor_liquid,
          nicolae_specific_store
D:8:      layout_basic
D:9:      layout_gridville, general_overflow_altar, orc_0_dummy
D:10:     layout_basic, special_room [special_room_orc], serial_shops, shop,
          minivault_23, uniq_josephine, uniq_erolcha, uniq_harold
Temple:   compressed_dpeg_circular_temple

Skill      XL: |  1  2  3  4  5  6  7  8  9 10 |
---------------+-------------------------------+-----
Throwing       | 2 3 4 5 6 7 |  7.5
Axes           | 3 4 5 6 8 9 10 | 10.8
Fighting       | 3 4 6 7 8 |  8.3
Dodging        | |  2.7

Action                     |  1- 3 |  4- 6 |  7- 9 | 10-12 || total
---------------------------+-------+-------+-------+-------++-------
  Melee: War axe           |    74 |   110 |   164 |       ||   348
         Headbutt          |    11 |    21 |    53 |    17 ||   102
         Punch             |     1 |       |     3 |       ||     4
         Touch             |     2 |    23 |    40 |     7 ||    72
         Broad axe         |       |       |    91 |    82 ||   173
         Kick              |       |       |       |    28 ||    28
  Throw: Boomerang         |       |     3 |     5 |     5 ||    13
         Dart              |       |       |     1 |       ||     1
         Javelin           |       |       |     1 |       ||     1
Ability: Lunge             |       |       |     7 |     5 ||    12
         Whirlwind         |       |       |     1 |     7 ||     8
    Use: Scroll            |     2 |     5 |     8 |     3 ||    18
         Potion            |       |     1 |     2 |       ||     3
 Armour: Leather armour    |    27 |       |       |       ||    27
         Ring mail         |    18 |    77 |   101 |       ||   196
         Acid dragon scale |       |       |    79 |       ||    79
         Scale mail        |       |       |     6 |    72 ||    78
  Dodge: Dodged            |    53 |    66 |   170 |    50 ||   339
